 Dungeon Crawl Stone Soup version 0.31.0-9-g3a7656b989 (console) character file.

Game seed: 4367934111802180249

82 AlterAsc the Ruffian (level 4, -8/28 HPs)
             Began as an Octopode Shapeshifter on Jan 28, 2024.
             Mangled by a gnoll
             ... wielding a +0 flail
              (13 damage)
             ... on level 2 of the Dungeon.
             The game lasted 00:02:10 (1379 turns).

AlterAsc the Ruffian (Octopode Shapeshifter)        Turns: 1379, Time: 00:02:10

Health: -8/28      AC:  1    Str: 15    XL:     4   Next: 43%
Magic:  4/4        EV: 13    Int: 12    God:
Gold:   94         SH:  0    Dex: 11    Spells: 3/3 levels left

rFire   + .          .
                       - Unarmed
rCold   + . .        (no shield)
rNeg    . . .        (helmet currently unavailable)
rPois   +            (no amulet)
rElec   +            (no ring)
rCorr   +            (no ring)
SInv    .            (no ring)
Will    .....        (no ring)
Stlth   ++           (no ring)
HPRegen 0.24/turn    (no ring)
MPRegen 0.09/turn    (no ring)
                     (no ring)

%: no passive effects
@: beast-form, resistant, hasted, very quick
A: beast (slay +1), almost no armour, amphibious, 8 rings, camouflage 1,
gelatinous body 1, (nimble swimmer 1), tentacles
a: Begin Untransformation


You were on level 2 of the Dungeon.
You were a hulking beast.
You visited 1 branch of the dungeon, and saw 2 of its levels.

You collected 94 gold pieces.

Inventory:

Missiles
 f - 25 stones (quivered)
Talismans
 b - a beast talisman
 c - a flux talisman
Scrolls
 h - a scroll of fear {unknown}
Potions
 g - a potion of enlightenment {unknown}


   Skills:
 - Level 1.0 Fighting
 - Level 2.0 Dodging
 + Level 5.1 Unarmed Combat
 - Level 3.0 Shapeshifting


You had 3 spell levels left.
You didn't know any spells.
Your spell library was empty.

Dungeon Overview and Level Annotations

Branches:
Dungeon (2/15)

Altars:

Shops:
D:2 (::


Innate Abilities, Weirdness & Mutations

You are a hulking beast.
Your limbs bulge with bestial killing power. (Slay +1)
You cannot wear most types of armour.
You are amphibious.
You can wear up to eight rings at the same time.
Your skin changes colour to match your surroundings (Stealth+).
Your rubbery body absorbs attacks. (AC +1, EV +1)
((You are camouflaged when in or above water. (Stealth+)))
You have tentacles for arms and can constrict up to eight enemies at once.


Message History

You kill the quokka!
Your Unarmed Combat skill increases to level 5!
No target in view!
f - 25 stones (gained 5)
You see here a +1 flail of protection.
Found a stone staircase leading down.
There is a stone staircase leading down here.
Found Mippaemi's Book Shoppe.
There is an entrance to Mippaemi's Book Shoppe here.
A gnoll is nearby!
Found a book of Necromancy.
The gnoll shouts!
You hear a shout!
The gnoll shouts!
The gnoll hits you from afar with a +0 halberd!
The gnoll hits you with a +0 halberd!
You tentacle-slap the gnoll. You grab the gnoll.
You tentacle-slap the gnoll, but do no damage.
You squeeze the gnoll.
The gnoll is severely wounded.
You constrict the gnoll. The gnoll hits you with a +0 halberd!
* * * LOW HITPOINT WARNING * * *
You tentacle-slap the gnoll.
The gnoll is almost dead.
You constrict the gnoll, but do no damage.
The gnoll closely misses you.
You bludgeon the gnoll!
You kill the gnoll!
Found 7 stones. 2 jackals come into view.
You see here 7 stones.
Okay, then.
Unknown command.
The jackal barks! x2; You hear a bark!
A jackal comes into view.
The jackal barks!
It was a potion of haste.
You feel yourself speed up.
It was a potion of resistance.
You feel protected.
The gnoll shouts!
The jackal closely misses you. The gnoll hits you with a +0 flail!
You die...

#.......#
#⌠..∩..⌠#
#.......#
#########
#.......#
####.g..#
#....# #
#....## #
####.(## #
#########..# #
#.......##g##
#
#.......##.g#
#
#.......###h#
# #.......#
#hh.# #
#.......#
###.# #
#.......# h..
######)......#
#..
.............#
##.#
.............#
.
.............#
.......#######
.......#
.......#


You could see 3 gnolls and 3 jackals.

Vanquished Creatures
  Terence (D:2)
  2 gnolls
  A dart slug (D:1)
  A bat (D:2)
  An endoplasm (D:2)
  3 giant cockroaches (D:1)
  2 goblins (D:1)
  2 hobgoblins
  7 jackals (D:1)
  6 kobolds
  A quokka (D:2)
  4 ball pythons
  2 frilled lizards (D:1)
33 creatures vanquished.

Notes
Turn   | Place    | Note
-------+----------+-------------------------------------------
     0 | D:1      | AlterAsc the Octopode Shapeshifter began the quest for the
                  | Orb.
     0 | D:1      | Reached XP level 1. HP: 13/13 MP: 1/1
   229 | D:1      | Reached XP level 2. HP: 18/18 MP: 2/2
   434 | D:1      | Reached skill level 4 in Unarmed Combat
   498 | D:1      | Found a faded altar of an unknown god.
   553 | D:1      | Reached XP level 3. HP: 17/23 MP: 3/3
   931 | D:2      | Noticed Terence
   941 | D:2      | Killed Terence
   942 | D:2      | Reached XP level 4. HP: 25/28 MP: 4/4
  1115 | D:2      | Found Refoji's Weapon Emporium.
  1233 | D:2      | Found Huah's Book Boutique.
  1260 | D:2      | Reached skill level 5 in Unarmed Combat
  1286 | D:2      | Found Mippaemi's Book Shoppe.
  1362 | D:2      | HP: 1/28 [gnoll/+0 halberd (8)]
  1379 | D:2      | Mangled by a gnoll

Illustrated notes

Levels and vault maps discovered:
D:1:      dpeg_arrival_tiny_h, layout_basic, ebering_ecumenical_altar_mist
D:2:      layout_basic, serial_shops, nicolae_diamond_shop,
          nicolae_lakefront_shop, nicolae_shop_tiny_statue_garden, uniq_terence

Skill      XL: |  1  2  3  4 |
---------------+-------------+-----
Unarmed Combat | 4 5 |  5.1
Fighting       | |  1.0
Dodging        | |  2.0
Shapeshifting  | |  3.0

Action                     |  1- 3 |  4- 6 || total
---------------------------+-------+-------++-------
  Melee: Unarmed           |    55 |    17 ||    72
         Constrict         |    15 |     3 ||    18
         Tentacles         |     6 |     2 ||     8
         Punch             |     4 |     2 ||     6
  Throw: Stone             |     1 |       ||     1
    Use: Potion            |     1 |     2 ||     3
   Stab: Sleeping          |     5 |       ||     5
 Armour: Skin              |    20 |    11 ||    31
  Dodge: Dodged            |    22 |    12 ||    34
